NYP
BOISE HAWKS @ HILLSBORO HOPS
07/27/2045
 
TOP OF THE 1ST
Boise Hawks batting - Pitching for Hillsboro Hops : LHP Afanasy Apatenko
Pitching: LHP Afanasy Apatenko
Batting: RHB Bodil Hardenberg 0-0: Ball
1-0: SINGLE (Groundball, 4M, EV 95.6 MPH) (infield hit)
Batting: LHB Mick Knopp 0-0: Called Strike
Bodil Hardenberg steals 2nd base (no throw)
0-1: Ball
1-1: Called Strike
1-2: Ball
2-2: Foul Ball, location: 2F
2-2: Ball
3-2: Foul Ball, location: 2F
3-2: Strikes out swinging
Batting: RHB Ernest Olkowicz 0-0: Ball
1-0: Called Strike
1-1: Called Strike
1-2: Ball
2-2: Foul Ball, location: 2F
2-2: Ball
3-2: Base on Balls
Batting: RHB Andy Solorzano 0-0: Swinging Strike
0-1: Ball
Wild Pitch!
Bodil Hardenberg to third
Ernest Olkowicz to second
1-1: Ball
2-1: Ball
3-1: Fly out, F9 (Line Drive, 9, EV 87.5 MPH)
Runner from 3rd tags up, SCORES, throw by RF
Batting: RHB Max Schellekens 0-0: Called Strike
0-1: Ball
1-1: Foul Ball, location: 2F
1-2: Strikes out swinging
Top of the 1st over - 1 run, 1 hit, 0 errors, 1 left on base; Boise 1 - Hillsboro 0
BOTTOM OF THE 1ST
Hillsboro Hops batting - Pitching for Boise Hawks : RHP Jeremy Richards
Pitching: RHP Jeremy Richards
Batting: RHB Yasuo Nakata 0-0: Ball
1-0: Ball
2-0: Ball
3-0: Called Strike
3-1: Called Strike
3-2: Base on Balls
Batting: RHB Larry Hardman 0-0: Ball
1-0: Ground out 6-3 (Groundball, P, EV 87.5 MPH)
Yasuo Nakata to second
Batting: RHB Chad Mendoza 0-0: Ground out U3 (Groundball, 34, EV 100.0 MPH)
Yasuo Nakata to third
Batting: RHB Jeremy Adams 0-0: Swinging Strike
0-1: Ball
1-1: Foul Ball, location: 2F
1-2: Strikes out swinging
Bottom of the 1st over - 0 runs, 0 hits, 0 errors, 1 left on base; Boise 1 - Hillsboro 0
TOP OF THE 2ND
Boise Hawks batting - Pitching for Hillsboro Hops : LHP Afanasy Apatenko
Batting: LHB Ryan Rodgers 0-0: Ball
1-0: Foul Ball, location: 2F
1-1: Ground out 6-3 (Groundball, 6, EV 81.2 MPH)
Batting: RHB Nick Rang 0-0: Ball
1-0: Ball
2-0: Ball
3-0: Called Strike
3-1: DOUBLE (Line Drive, 78M, EV 113.1 MPH)
Batting: LHB Joe Miller 0-0: Ball
1-0: Called Strike
1-1: Ball
2-1: Foul Ball, location: 2F
2-2: Strikes out swinging
Batting: RHB Haykuhi Kagramanian 0-0: Called Strike
0-1: Ball
1-1: Swinging Strike
1-2: Ball
2-2: Ball
3-2: Reached on error, E5 (Groundball, 56, EV 103.1 MPH)
Nick Rang to third
Batting: RHB Bodil Hardenberg 0-0: Ball
Wild Pitch!
Nick Rang scores
Haykuhi Kagramanian to second
1-0: Ball
2-0: Ball
3-0: Called Strike
3-1: Called Strike
3-2: Base on Balls
Batting: LHB Mick Knopp 0-0: Called Strike
0-1: SINGLE (Groundball, P, EV 83.1 MPH) (infield hit)
Haykuhi Kagramanian to third
Bodil Hardenberg to second
Batting: RHB Ernest Olkowicz 0-0: DOUBLE (Line Drive, 89XD, EV 109.4 MPH)
Haykuhi Kagramanian scores
Bodil Hardenberg scores
Mick Knopp to third
Runner from 3rd tries for Home, SAFE, throw by CF to home
Batting: RHB Andy Solorzano 0-0: Ball
1-0: TRIPLE (Flyball, 89XD, EV 101.2 MPH)
Ernest Olkowicz scores
Batting: RHB Max Schellekens 0-0: Foul Ball, location: 2F
0-1: SINGLE (Groundball, 34D, EV 106.2 MPH)
Andy Solorzano scores
Batting: LHB Ryan Rodgers 0-0: Ball
1-0: Ball
2-0: SINGLE (Groundball, 34D, EV 94.4 MPH)
Max Schellekens to second
Batting: RHB Nick Rang 0-0: Called Strike
0-1: SINGLE (Groundball, 6S, EV 69.4 MPH) (infield hit)
Max Schellekens to third
Ryan Rodgers to second
Batting: LHB Joe Miller 0-0: Swinging Strike
0-1: Ball
1-1: Foul Ball, location: 2F
1-2: Strikes out swinging
Top of the 2nd over - 6 runs, 7 hits, 1 error, 3 left on base; Boise 7 - Hillsboro 0
BOTTOM OF THE 2ND
Hillsboro Hops batting - Pitching for Boise Hawks : RHP Jeremy Richards
Batting: RHB Jeremy Coffey 0-0: Swinging Strike
0-1: Ball
1-1: Ball
2-1: Swinging Strike
2-2: Ball
3-2: Base on Balls
Batting: SHB Mike Kiefer 0-0: Called Strike
0-1: Swinging Strike
0-2: Strikes out looking
Batting: RHB Bryan Shuller 0-0: Called Strike
0-1: Ball
1-1: Fly out, F8 (Flyball, 8LS, EV 90.0 MPH)
Batting: RHB Trevor Corey 0-0: Swinging Strike
0-1: Called Strike
0-2: Ball
1-2: Strikes out swinging
Bottom of the 2nd over - 0 runs, 0 hits, 0 errors, 1 left on base; Boise 7 - Hillsboro 0
TOP OF THE 3RD
Boise Hawks batting - Pitching for Hillsboro Hops : LHP Afanasy Apatenko
Batting: RHB Haykuhi Kagramanian 0-0: Ground out 1-3 (Groundball, 13, EV 63.1 MPH)
Batting: RHB Bodil Hardenberg 0-0: Foul Ball, location: 2F
0-1: Ball
1-1: Ground out 6-3 (Groundball, 6, EV 90.6 MPH)
Batting: LHB Mick Knopp 0-0: Ball
1-0: Ball
2-0: Hit by Pitch
Pitching: RHP Rick Foster
Batting: RHB Ernest Olkowicz 0-0: Ball
1-0: Ball
2-0: Ball
3-0: Base on Balls
Mick Knopp to second
Batting: RHB Andy Solorzano 0-0: Ball
1-0: Ball
2-0: Fly out, F9 (Flyball, 9LS, EV 89.4 MPH)
Top of the 3rd over - 0 runs, 0 hits, 0 errors, 2 left on base; Boise 7 - Hillsboro 0
BOTTOM OF THE 3RD
Hillsboro Hops batting - Pitching for Boise Hawks : RHP Jeremy Richards
Batting: RHB Larry Valencia 0-0: Hit by Pitch
Batting: RHB Yasuo Nakata 0-0: Called Strike
0-1: Fly out, F8 (Flyball, 8LD, EV 94.4 MPH)
Batting: RHB Larry Hardman 0-0: Foul Ball, location: 2F
0-1: Ball
1-1: Swinging Strike
1-2: Foul Ball, location: 2F
1-2: Ball
2-2: Grounds into double play, 6-4-3 (Groundball, 6, EV 103.1 MPH)
Bottom of the 3rd over - 0 runs, 0 hits, 0 errors, 0 left on base; Boise 7 - Hillsboro 0
TOP OF THE 4TH
Boise Hawks batting - Pitching for Hillsboro Hops : RHP Rick Foster
Batting: RHB Max Schellekens 0-0: Ball
1-0: Called Strike
1-1: Ball
2-1: Swinging Strike
2-2: SOLO HOME RUN (Flyball, 78XD, EV 115.6 MPH), Distance : 467 ft
Batting: LHB Ryan Rodgers 0-0: Ball
1-0: SOLO HOME RUN (Flyball, 9LD, EV 92.5 MPH), Distance : 350 ft
Batting: RHB Nick Rang 0-0: Called Strike
0-1: Ball
1-1: Ball
2-1: Called Strike
2-2: SINGLE (Groundball, 15S, EV 76.9 MPH) (infield hit)
Pitching: LHP Heath Henderson
Batting: LHB Joe Miller 0-0: Foul Ball, location: 2F
0-1: Foul Ball, location: 2F
0-2: Ball
1-2: Ground out 3-1 (Groundball, 13, EV 75.6 MPH)
Nick Rang to second
Batting: RHB Haykuhi Kagramanian 0-0: Ball
1-0: Ball
2-0: Ball
3-0: Called Strike
3-1: Base on Balls
Batting: RHB Bodil Hardenberg 0-0: Ball
1-0: Foul Ball, location: 2F
1-1: Ball
2-1: DOUBLE (Line Drive, 7LM, EV 104.4 MPH)
Nick Rang scores
Haykuhi Kagramanian to third
Runner from 3rd tries for Home, SAFE, throw by LF to home
Batting: LHB Mick Knopp 0-0: Called Strike
0-1: Swinging Strike
0-2: Fly out, F7 (Flyball, 78D, EV 93.8 MPH)
Batting: RHB Ernest Olkowicz 0-0: Ball
1-0: Ball
2-0: Foul Ball, location: 2F
2-1: DOUBLE (Line Drive, 78XD, EV 103.1 MPH)
Bodil Hardenberg scores
Pitching: LHP Andy Wilmoth
Batting: RHB Andy Solorzano 0-0: Called Strike
0-1: Ball
1-1: Ball
2-1: Foul Ball, location: 2F
2-2: Ball
3-2: Foul Ball, location: 2F
3-2: Foul Ball, location: 2F
3-2: Foul Ball, location: 2F
3-2: Strikes out swinging
Top of the 4th over - 5 runs, 5 hits, 0 errors, 1 left on base; Boise 12 - Hillsboro 0
BOTTOM OF THE 4TH
Hillsboro Hops batting - Pitching for Boise Hawks : RHP Jeremy Richards
Batting: RHB Chad Mendoza 0-0: Called Strike
0-1: Swinging Strike
0-2: Ball
1-2: Fly out, F9 (Flyball, 9S, EV 85.0 MPH)
Batting: RHB Jeremy Adams 0-0: Ball
1-0: Foul Ball, location: 2F
1-1: Ball
2-1: Called Strike
2-2: Foul Ball, location: 2F
2-2: Ground out 6-3 (Groundball, 6MD, EV 106.2 MPH)
Batting: RHB Jeremy Coffey 0-0: Hit by Pitch
Batting: SHB Mike Kiefer 0-0: Ball
Wild Pitch!
Jeremy Coffey to second
1-0: Ball
2-0: Fly out, F8 (Flyball, 89D, EV 105.6 MPH)
Bottom of the 4th over - 0 runs, 0 hits, 0 errors, 1 left on base; Boise 12 - Hillsboro 0
TOP OF THE 5TH
Boise Hawks batting - Pitching for Hillsboro Hops : LHP Andy Wilmoth
Batting: RHB Max Schellekens 0-0: Ball
1-0: Ball
2-0: Called Strike
2-1: Fly out, F7 (Flyball, 7S, EV 90.0 MPH)
Batting: LHB Ryan Rodgers 0-0: Called Strike
0-1: Ground out 4-3 (Groundball, 4, EV 100.6 MPH)
Batting: RHB Nick Rang 0-0: Ball
1-0: SINGLE (Groundball, 34D, EV 105.0 MPH)
Batting: LHB Joe Miller 0-0: Ground out U3 (Groundball, 34, EV 103.8 MPH)
Top of the 5th over - 0 runs, 1 hit, 0 errors, 1 left on base; Boise 12 - Hillsboro 0
BOTTOM OF THE 5TH
Hillsboro Hops batting - Pitching for Boise Hawks : RHP Jeremy Richards
Batting: RHB Bryan Shuller 0-0: Foul Ball, location: 2F
0-1: Swinging Strike
0-2: Ball
1-2: Ball
2-2: Strikes out swinging
Batting: RHB Trevor Corey 0-0: Ball
1-0: Ball
2-0: Called Strike
2-1: Foul Ball, location: 2F
2-2: Foul Ball, location: 2F
2-2: Fly out, F9 (Flyball, 89M, EV 90.6 MPH)
Batting: RHB Larry Valencia 0-0: SINGLE (Groundball, 15S, EV 66.9 MPH) (infield hit)
Batting: RHB Yasuo Nakata 0-0: Ball
1-0: Ball
2-0: Foul Ball, location: 2F
2-1: Ball
3-1: Called Strike
3-2: Foul Ball, location: 2F
3-2: SINGLE (Groundball, 25, EV 66.9 MPH) (infield hit)
Larry Valencia to second
Pitching: LHP Steve Lima
Batting: RHB Larry Hardman 0-0: Called Strike
0-1: Foul Ball, location: 2F
0-2: Ball
1-2: Strikes out looking
Bottom of the 5th over - 0 runs, 2 hits, 0 errors, 2 left on base; Boise 12 - Hillsboro 0
TOP OF THE 6TH
Boise Hawks batting - Pitching for Hillsboro Hops : LHP Andy Wilmoth
Batting: RHB Haykuhi Kagramanian 0-0: Ball
1-0: Fly out, F6 (Popup, 6M, EV 57.5 MPH)
Batting: RHB Bodil Hardenberg 0-0: Ground out 5-3 (Groundball, 56S, EV 86.2 MPH)
Batting: LHB Mick Knopp 0-0: Fly out, F3 (Popup, 3F, EV 74.4 MPH)
Top of the 6th over - 0 runs, 0 hits, 0 errors, 0 left on base; Boise 12 - Hillsboro 0
BOTTOM OF THE 6TH
Hillsboro Hops batting - Pitching for Boise Hawks : LHP Steve Lima
Batting: RHB Chad Mendoza 0-0: Called Strike
0-1: Swinging Strike
0-2: Ball
1-2: Foul Ball, location: 2F
1-2: SINGLE (Line Drive, 5D, EV 102.5 MPH)
Batting: RHB Jeremy Adams 0-0: Called Strike
0-1: Foul Ball, location: 2F
0-2: Ball
1-2: Strikes out swinging
Batting: RHB Jeremy Coffey 0-0: Ground out 6-3 (Groundball, 6MD, EV 101.2 MPH)
Chad Mendoza to second
Batting: SHB Mike Kiefer 0-0: Foul Ball, location: 2F
0-1: Ball
1-1: Called Strike
1-2: Strikes out swinging
Bottom of the 6th over - 0 runs, 1 hit, 0 errors, 1 left on base; Boise 12 - Hillsboro 0
TOP OF THE 7TH
Boise Hawks batting - Pitching for Hillsboro Hops : LHP Andy Wilmoth
Batting: RHB Ernest Olkowicz 0-0: Ground out 4-3 (Groundball, 34D, EV 100.0 MPH)
Batting: RHB Andy Solorzano 0-0: Ground out 1-3 (Groundball, 13S, EV 65.0 MPH)
Batting: RHB Max Schellekens 0-0: Ball
1-0: Swinging Strike
1-1: Ball
2-1: Foul Ball, location: 2F
2-2: Ball
3-2: Base on Balls
Batting: LHB Ryan Rodgers 0-0: Foul Ball, location: 2F
0-1: Called Strike
0-2: Ball
1-2: SINGLE (Groundball, 34D, EV 95.0 MPH)
Max Schellekens to second
Pitching: RHP John Petersen
Batting: RHB Nick Rang 0-0: Ball
Wild Pitch!
Max Schellekens to third
Ryan Rodgers to second
1-0: Called Strike
1-1: Fly out, F9 (Flyball, 9D, EV 75.0 MPH)
Top of the 7th over - 0 runs, 1 hit, 0 errors, 2 left on base; Boise 12 - Hillsboro 0
BOTTOM OF THE 7TH
Hillsboro Hops batting - Pitching for Boise Hawks : LHP Steve Lima
Batting: RHB Bryan Shuller 0-0: Ball
1-0: Swinging Strike
1-1: Foul Ball, location: 2F
1-2: Ball
2-2: Ball
3-2: Strikes out swinging
Batting: RHB Trevor Corey 0-0: Ball
1-0: Swinging Strike
1-1: Ball
2-1: Foul Ball, location: 2F
2-2: Strikes out swinging
Batting: RHB Larry Valencia 0-0: Called Strike
0-1: Swinging Strike
0-2: Strikes out swinging
Bottom of the 7th over - 0 runs, 0 hits, 0 errors, 0 left on base; Boise 12 - Hillsboro 0
TOP OF THE 8TH
Boise Hawks batting - Pitching for Hillsboro Hops : RHP John Petersen
Batting: LHB Joe Miller 0-0: Ground out 4-3 (Groundball, 4, EV 105.6 MPH)
Batting: RHB Haykuhi Kagramanian 0-0: Swinging Strike
0-1: Foul Ball, location: 2F
0-2: Ball
1-2: Ball
2-2: SINGLE (Groundball, 6MD, EV 103.1 MPH)
Batting: RHB Bodil Hardenberg 0-0: Called Strike
0-1: Called Strike
0-2: Ball
1-2: Strikes out swinging
Batting: LHB Mick Knopp 0-0: SINGLE (Groundball, 56, EV 96.9 MPH)
Haykuhi Kagramanian to second
Batting: RHB Ernest Olkowicz 0-0: Ball
1-0: Ball
2-0: Swinging Strike
2-1: Fielders Choice at 2nd, 6-4 (Groundball, 6, EV 85.6 MPH)
Top of the 8th over - 0 runs, 2 hits, 0 errors, 2 left on base; Boise 12 - Hillsboro 0
BOTTOM OF THE 8TH
Hillsboro Hops batting - Pitching for Boise Hawks : LHP Steve Lima
Batting: RHB Yasuo Nakata 0-0: Called Strike
0-1: Foul Ball, location: 2F
0-2: Strikes out looking
Batting: RHB Larry Hardman 0-0: Called Strike
0-1: Swinging Strike
0-2: Foul Ball, location: 2F
0-2: Strikes out swinging
Pinch Hitting: LHB Dillon Rizzuto 0-0: Foul Ball, location: 2F
0-1: Ball
1-1: Foul Ball, location: 2F
1-2: Ground out 4-3 (Groundball, 4, EV 87.5 MPH)
Bottom of the 8th over - 0 runs, 0 hits, 0 errors, 0 left on base; Boise 12 - Hillsboro 0
TOP OF THE 9TH
Boise Hawks batting - Pitching for Hillsboro Hops : RHP John Petersen
Pitching: RHP Soo-yeon Kym
Now at 1B: Dillon Rizzuto
Batting: RHB Andy Solorzano 0-0: Ball
1-0: Called Strike
1-1: Ball
2-1: Ball
3-1: Foul Ball, location: 2F
3-2: Strikes out swinging
Batting: RHB Max Schellekens 0-0: Foul Ball, location: 2F
0-1: Ball
1-1: Called Strike
1-2: Ball
2-2: SINGLE (Flyball, 8RS, EV 91.2 MPH)
Batting: LHB Ryan Rodgers 0-0: Called Strike
0-1: 2-RUN HOME RUN (Flyball, 9D, EV 103.8 MPH), Distance : 413 ft
Batting: RHB Nick Rang 0-0: Foul Ball, location: 2F
0-1: Ground out 3-1 (Groundball, 34, EV 77.5 MPH)
Batting: LHB Joe Miller 0-0: Foul Ball, location: 2F
0-1: Ball
1-1: Ball
2-1: Ball
3-1: Foul Ball, location: 2F
3-2: Base on Balls
Pitching: RHP Cody Savastand
Batting: RHB Haykuhi Kagramanian 0-0: Called Strike
0-1: Ball
1-1: Foul Ball, location: 2F
1-2: Foul Ball, location: 2F
1-2: Ball
2-2: Ground out U3 (Groundball, 34S, EV 86.9 MPH)
Top of the 9th over - 2 runs, 2 hits, 0 errors, 1 left on base; Boise 14 - Hillsboro 0
BOTTOM OF THE 9TH
Hillsboro Hops batting - Pitching for Boise Hawks : LHP Steve Lima
Batting: RHB Jeremy Adams 0-0: Ball
1-0: Fly out, F1 (Line Drive, P, EV 64.4 MPH)
Batting: RHB Jeremy Coffey 0-0: Foul Ball, location: 2F
0-1: Foul Ball, location: 2F
0-2: Ball
1-2: Ball
2-2: Foul Ball, location: 2F
2-2: Ground out 6-3 (Groundball, 6, EV 81.2 MPH)
Batting: SHB Mike Kiefer 0-0: Ball
1-0: Ball
2-0: DOUBLE (Flyball, 78D, EV 94.4 MPH)
Batting: RHB Bryan Shuller 0-0: Ball
1-0: Ball
2-0: Ball
3-0: Base on Balls
Pitching: RHP Jeff Wemp
Batting: RHB Trevor Corey 0-0: Ball
1-0: Ball
2-0: Ground out 4-3 (Groundball, 4S, EV 83.1 MPH)
Bottom of the 9th over - 0 runs, 1 hit, 0 errors, 2 left on base; Boise 14 - Hillsboro 0
Wednesday, June 22nd , 2022 - OOTP Baseball 23.4 Build 64